AoeStats
← sasha22221

Socotra

505869663Analyzed
2v2 RM · 20d ago on Sep 11, 2026· 42m 22s· 4 players
Game mode
Random Map
Map size
Tiny (2 player)
Population
200
Speed
Normal
Resources
Standard
Victory
Conquest
Starting age
Dark Age
Ending age
Imperial Age
RankedLock teamsTeams togetherTeam positionsShared explorationLock speedFull tech treeHidden civsTurbo modeCheats
Victory
Defeat
🇪🇸 Mongols · Spain
1044
+13
🇦🇹 Byzantines · Austria
990
+16
🇰🇷 Cumans · South Korea
1004
-15
🇷🇺 Bulgarians · Russia
968
-14
Noxorus
10:02 Loom
11:48 Feudal Age
13:07 Double-Bit Axe
14:45 Fletching
15:52 Padded Archer Armor
22:51 Castle Age
22:19 Gold Mining
23:04 Crossbowman
24:15 Bodkin Arrow
24:37 Leather Archer Armor
26:45 Thumb Ring
27:35 Bow Saw
34:43 Gold Shaft Mining
34:00 Stone Mining
39:25 Wheelbarrow
39:15 Ballistics
43:03 Imperial Age
VladaN
0:37 Loom
11:10 Feudal Age
12:32 Wheelbarrow
11:46 Double-Bit Axe
11:55 Gold Mining
12:26 Stone Mining
22:38 Castle Age
25:55 Hand Cart
26:22 Stone Shaft Mining
26:16 Bow Saw
27:13 Gold Shaft Mining
27:34 Horse Collar
31:11 Heavy Plow
32:44 Murder Holes
33:55 Ballistics
35:10 Scale Barding Armor
36:24 Chain Barding Armor
42:14 Husbandry
SHK
2:17 Loom
11:37 Feudal Age
13:33 Double-Bit Axe
14:11 Bloodlines
23:29 Castle Age
22:21 Wheelbarrow
22:38 Forging
22:34 Scale Barding Armor
23:29 Stone Mining
25:52 Iron Casting
26:58 Gold Mining
29:04 Horse Collar
31:12 Bow Saw
34:18 Gold Shaft Mining
37:15 Hand Cart
40:36 Imperial Age
sasha22221
1:19 Loom
2:31 Loom
12:07 Feudal Age
13:19 Double-Bit Axe
13:18 Horse Collar
17:28 Castle Age
16:10 Gold Mining
16:57 Stone Mining
27:42 Fletching
33:15 Wheelbarrow
38:36 Bow Saw
Connection lost

Rejoining the realm…

Still unreachable

The connection could not be restored.

Session expired

The server has moved on; the page needs a fresh start.